 Dungeon Crawl Stone Soup version 0.26-a0-466-g989023bd0d (webtiles) character file.

Game seed: 11776368686863983166

3164 kae the Spear-Bearer (level 9, -10/74 HPs)
             Began as a Merfolk Gladiator on Aug 5, 2020.
             Was an Elder of Qazlal.
             Mangled by a two-headed ogre
             ... wielding a +0 giant club
              (15 damage)
             ... on level 9 of the Dungeon on Aug 7, 2020.
             The game lasted 00:09:55 (9845 turns).

kae the Spear-Bearer (Merfolk Gladiator)            Turns: 9845, Time: 00:09:57

Health: -10/74     AC:  5    Str: 20    XL:     9   Next: 94%
Magic:  11/13      EV: 14    Int:  7    God:    Qazlal [****..]
Gold:   433        SH:  5    Dex: 15    Spells: 8/8 levels left

rFire    + . .     SeeInvis .   j - +0 glaive
rCold    . . .     Faith    .   (shield currently unavailable)
rNeg     . . .     Spirit   .   b - +0 leather armour
rPois    .         Reflect  .   c - +1 helmet
rElec    .         Harm     .   (no cloak)
rCorr    .                      (no gloves)
MR       .....                  (no boots)
Stlth    +.........             (no amulet)
HPRegen  0.22/turn              s - ring of protection from fire
MPRegen  0.13/turn              (no ring)

@: repel missiles
A: change form in water, swift swim, stealthy swim, strong 1, MP-powered wands
a: Upheaval, Elemental Force, Renounce Religion


You were on level 9 of the Dungeon.
You worshipped Qazlal.
Qazlal was greatly pleased with you.
You visited 2 branches of the dungeon, and saw 10 of its levels.
You also visited: Sewer and Ossuary.

You collected 433 gold pieces.

Inventory:

Hand Weapons
 a - a +1 trident
 j - a +0 glaive (weapon)
Missiles
 d - 4 throwing nets (quivered)
Armour
 b - a +0 leather armour (worn)
 c - a +1 helmet (worn)
Jewellery
 s - a ring of protection from fire (left hand)
 u - an uncursed ring of flight
Wands
 x - a wand of acid (9)
Scrolls
 h - 8 scrolls of teleportation
 i - 3 scrolls of remove curse
 l - a scroll of fog
 r - a scroll of enchant armour
 w - 2 scrolls of amnesia
 y - a scroll of identify
Potions
 e - a potion of cancellation
 f - 4 potions of flight
 g - 11 potions of curing
 k - 9 potions of heal wounds
 m - 4 potions of brilliance
 n - 3 potions of might
 o - a potion of invisibility
 p - 5 potions of haste
 q - 4 potions of lignification
 t - 4 potions of magic
 v - a potion of stabbing
 z - 2 potions of berserk rage
 A - 2 potions of ambrosia


   Skills:
 + Level 7.9 Fighting
 * Level 14.0 Polearms
 - Level 2.0 Throwing
 - Level 4.0 Dodging
 + Level 6.5 Invocations


You had 8 spell levels left.
You didn't know any spells.
Your spell library was empty.

Dungeon Overview and Level Annotations

Branches:
Dungeon (8/15)             Temple (1/1) D:4           Sewer (visited)
Ossuary (visited)
   Lair: D:8-11

Altars:
Ashenzari
Cheibriados
Dithmenos
Fedhas
Gozag
Hepliaklqana
Kikubaaqudgha
Makhleb
Nemelex Xobeh
Qazlal
Ru
Sif Muna
Trog
Uskayaw
Vehumet
Wu Jian
Xom
Yredelemnul
Zin
The Shining One

Shops:
D:4 [   D:5 *


Innate Abilities, Weirdness & Mutations

You revert to your normal form in water.
You are very nimble and swift while swimming.
You are very stealthy in the water. (Stealth+)
Your muscles are strong. (Str +2)
You expend magic power (3 MP) to strengthen your wands.


Message History

Qazlal accepts your kill.
A bullfrog comes into view.
The bullfrog croaks.
You slash the two-headed ogre!
The two-headed ogre is moderately wounded.
The two-headed ogre completely misses you.
The two-headed ogre hits you with a +0 giant spiked club!!
You slash the two-headed ogre!
The two-headed ogre is heavily wounded.
The two-headed ogre barely misses you.
The two-headed ogre hits you but does no damage.
You slice the two-headed ogre!!
The two-headed ogre is almost dead.
You hit the two-headed ogre.
The two-headed ogre is almost dead.
The two-headed ogre is no longer covered in acid.
The two-headed ogre hits you with a +0 giant club!!
* * * LOW HITPOINT WARNING * * *
The two-headed ogre hits you with a +0 giant spiked club!
You die...

#... ##.##
.# #...
##..# .#
#...###..##
#...#...##
#.....###
#.....#
##..☼.# .
#..○####....
##..@OF.....
#○.####....
#..# . #....
#>... #....
#....# #.).


You could see a two-headed ogre and a bullfrog.

Vanquished Creatures
  An ice beast (D:6)
  2 sky beasts (D:7)
  2 phantoms
  A black bear (D:6)
  4 ogres
  A centaur (D:5)
  2 big kobolds (Sewer)
  5 bullfrogs
  6 water moccasin zombies (Ossuary)
  2 scorpions
  2 howler monkeys
  4 wights (D:8)
  5 hounds
  A quasit (D:7)
  2 orc priests
  Jessica (D:3)
  6 orc wizards
  4 worker ants
  3 big kobold zombies (Ossuary)
  2 hound skeletons
  3 mummies
  A worker ant zombie (D:5)
  Robin (D:2)
  4 gnolls
  10 adders
  6 river rats (Sewer)
  A white imp (D:5)
  2 ufetubi (D:5)
  2 oozes
  2 adder zombies (Ossuary)
  2 adder skeletons (D:5)
  6 worms
  3 dart slugs
  3 leopard geckos (D:6)
  20 orcs
  11 ball pythons
  7 bats
  2 giant cockroaches
  15 goblins
  12 hobgoblins
  12 jackals
  4 quokkas
  5 frilled lizards
  A giant cockroach zombie (D:6)
  3 gnoll zombies (Ossuary)
  A goblin zombie (D:6)
  5 hobgoblin zombies (Ossuary)
  22 kobolds
  4 kobold zombies (Ossuary)
  A leopard gecko skeleton (D:6)
  9 orc zombies
  A quokka skeleton (D:7)
  2 quokka zombies
  25 rats
264 creatures vanquished.

Notes
Turn   | Place    | Note
-------+----------+-------------------------------------------
     0 | D:1      | kae the Merfolk Gladiator began the quest for the Orb.
     0 | D:1      | Reached XP level 1. HP: 16/16 MP: 1/1
    56 | D:1      | Reached skill level 5 in Polearms
    56 | D:1      | Reached XP level 2. HP: 23/23 MP: 2/2
   596 | D:1      | Reached XP level 3. HP: 24/28 MP: 3/3
   812 | D:2      | Found a glowing golden altar of the Shining One.
  1029 | D:2      | Noticed Robin
  1039 | D:2      | Reached skill level 6 in Polearms
  1050 | D:2      | Killed Robin
  1056 | D:2      | Reached XP level 4. HP: 28/35 MP: 4/4
  1779 | D:3      | Found an ancient bone altar of Kikubaaqudgha.
  1800 | D:3      | Reached skill level 7 in Polearms
  1805 | D:3      | Noticed Jessica
  1810 | D:3      | Killed Jessica
  1810 | D:3      | Reached XP level 5. HP: 42/42 MP: 5/5
  2124 | D:3      | Gained mutation: You are agile. (Dex +2) [potion of
                  | mutation]
  2124 | D:3      | Gained mutation: Your mind is acute. (Int +2) [potion of
                  | mutation]
  2768 | D:3      | Reached skill level 8 in Polearms
  3105 | D:4      | Found a staircase to the Ecumenical Temple.
  3182 | D:4      | Reached XP level 6. HP: 41/48 MP: 6/6
  3230 | Temple   | Entered the Ecumenical Temple
  3366 | Temple   | Became a worshipper of Qazlal Stormbringer
  3626 | D:4      | Found Vuefif's Antique Armour Shoppe.
  3888 | D:4      | Lost mutation: Your mind is acute. (Int +2) [potion of
                  | mutation]
  3888 | D:4      | Lost mutation: You are agile. (Dex +2) [potion of mutation]
  3888 | D:4      | Gained mutation: You expend magic power (3 MP) to
                  | strengthen your wands. [potion of mutation]
  3888 | D:4      | Gained mutation: Your muscles are strong. (Str +2) [potion
                  | of mutation]
  3933 | D:5      | Entered Level 5 of the Dungeon
  3952 | D:5      | Found a glowing drain.
  3972 | Sewer    | Entered a sewer
  4081 | Sewer    | Reached skill level 1 in Invocations
  4237 | Sewer    | Reached * piety under Qazlal
  4347 | Sewer    | Reached skill level 9 in Polearms
  4347 | Sewer    | Reached XP level 7. HP: 10/55 MP: 8/8
  5067 | D:5      | Reached skill level 5 in Fighting
  5684 | D:5      | Reached skill level 10 in Polearms
  5957 | D:5      | Reached XP level 8. HP: 31/63 MP: 10/10
  6146 | D:5      | Found Nuir's Lightly-Used Armoury.
  6177 | D:5      | Reached ** piety under Qazlal
  6524 | D:5      | Reached skill level 11 in Polearms
  7546 | D:6      | Found a sand-covered staircase.
  7560 | Ossuary  | Entered an ossuary
  7644 | Ossuary  | Reached skill level 12 in Polearms
  7672 | Ossuary  | Reached *** piety under Qazlal
  7733 | Ossuary  | Reached XP level 9. HP: 64/71 MP: 12/12
  7752 | Ossuary  | Reached skill level 5 in Invocations
  8391 | D:6      | Found the +8 whip "Snakebite" {curare, rPois}
  8736 | D:6      | Reached skill level 13 in Polearms
  9664 | D:8      | Found a blossoming altar of Fedhas.
  9679 | D:8      | Reached **** piety under Qazlal
  9791 | D:8      | You fall into a shaft and drop 1 floor!
  9832 | D:9      | Noticed a two-headed ogre
  9834 | D:9      | Reached skill level 14 in Polearms
  9845 | D:9      | Mangled by a two-headed ogre

Illustrated notes

Levels and vault maps discovered:
D:1:      lemuel_arrival_muddy, layout_basic, wad_floor_pattern_1,
          kennysheep_decorative_pillar
D:2:      layout_basic, tso_metal_star, uniq_robin
D:3:      layout_basic, lemuel_altar_in_water, uniq_jessica
D:4:      layout_loops_ring, temple_hall, serial_shops, shop
D:5:      layout_basic, cheibrodos_sewer_entry_drain, minmay_shop_damaged,
          grunt_decor_arrowhead, kennysheep_generic_room_15
D:6:      layout_loops_ring, nicolae_ossuary_entry_giza,
          hangedman_abyss_or_decor_lesser_grid
D:7:      layout_rooms
D:8:      layout_loops_ring, elyvilon_altar_1, nicolae_overflow_hidden_temple,
          uniq_joseph, uniq_prince_ribbit1
D:9:      layout_rooms, okawaru_gym_becter, basic_altar
Temple:   regret_index_temple_mists

Skill      XL: |  1  2  3  4  5  6  7  8  9 |
---------------+----------------------------+-----
Polearms       | 5 6 7 8 9 10 12 14 | 14.0
Fighting       | 3 4 5 6 7 |  7.9
Invocations    | 1 3 4 6 |  6.5
Throwing       | |  2.0
Dodging        | |  4.0

Action                   |  1- 3 |  4- 6 |  7- 9 || total
-------------------------+-------+-------+-------++-------
Melee: Trident           |   120 |   262 |   604 ||   986
       Tailslap          |       |     5 |     2 ||     7
       Glaive            |       |       |    18 ||    18
Evoke: Wand              |       |       |     1 ||     1
  Use: Scroll            |     3 |     4 |    15 ||    22
       Potion            |       |     8 |       ||     8
 Stab: Sleeping          |     1 |     3 |       ||     4
Armor: Leather armour    |    15 |    36 |    55 ||   106
Dodge: Dodged            |    52 |   174 |   226 ||   452
Block: Other             |       |     1 |    46 ||    47

Table legend: (Time is in decaauts)
 A = Elapsed time spent in this place.
 B = Non-inter-level travel time spent in this place.
 C = Inter-level travel time spent in this place.
 D = Time resting spent in this place.
 E = Time spent auto-exploring this place.
 F = Levels seen in this place.
 G = Mean time per level.
                   A        B        C        D        E       F      G
               +--------+--------+--------+--------+--------+-----+--------+
         Total |   9511 |   9114 |    397 |   1667 |   5924 |  12 |  792.6 |
       Dungeon |   7897 |   7508 |    389 |   1279 |   5082 |   9 |  877.4 |
        Temple |    107 |     99 |      8 |      0 |     81 |   1 |  107.0 |
         Sewer |    947 |    947 |      0 |     63 |    679 |   1 |  947.0 |
       Ossuary |    559 |    559 |      0 |    325 |     82 |   1 |  559.0 |
               +--------+--------+--------+--------+--------+-----+--------+

Top non-repeatable levels by time:
     D:5: 2258 daAuts
     D:2: 1182 daAuts
     D:6: 1000 daAuts
   Sewer: 947 daAuts
     D:3: 917 daAuts
     D:4: 885 daAuts
     D:1: 788 daAuts
     D:7: 690 daAuts
 Ossuary: 559 daAuts
     D:8: 122 daAuts
  Temple: 107 daAuts
     D:9: 53 daAuts
